 Dungeon Crawl Stone Soup version 0.31-a0-117-g42d8f58691 (webtiles) character file.

Game seed: 4885310699787572

3145 IdlyInterested the Fighter (level 9, -5/78 HPs)
             Began as a Demonspawn Gladiator on May 30, 2023.
             Was an Initiate of Ashenzari.
             Killed from afar by an electric eel (13 damage)
             ... with a bolt of electricity
             ... on level 7 of the Dungeon.
             The game lasted 00:19:17 (7219 turns).

IdlyInterested the Fighter (Demonspawn Gladiator)   Turns: 7219, Time: 00:19:18

Health: -5/78      AC: 11    Str: 17    XL:     9   Next: 62%
Magic:  10/10      EV: 12    Int: 14    God:    Ashenzari [......]
Gold:   468        SH:  0    Dex: 21    Spells: 10/10 levels left

rFire   . . .        a - +0 long sword
rCold   . . .        M - +0 buckler
rNeg    . . .        g - +1 ring mail {Will+}
rPois   .            v - +0 helmet "Chained Together" {Alch, Elem} (curse)
rElec   .            A - +0 cloak
rCorr   .            I - +1 pair of gloves {Str+3}
SInv    .            (no boots)
Will    ++...        t - amulet of reflection Stlth
                     p - +6 ring of dexterity
HPRegen 1.13/turn    P - ring of willpower
MPRegen 0.12/turn

%: reflection
@: confused, ambrosia-drunk
A: demonic guardian 3, foul stench 1, weakness stinger 2, regeneration 1
a: Renounce Religion, Shatter the Chains


You were on level 7 of the Dungeon.
You worshipped Ashenzari.
Ashenzari was noncommittal.
You visited 2 branches of the dungeon, and saw 8 of its levels.

You collected 468 gold pieces.

Inventory:

Hand Weapons
 a - a +0 long sword (weapon)
 f - a +0 short sword
 Q - a +0 short sword of electrocution
Missiles
 d - 4 throwing nets
 e - 6 javelins
 i - 46 stones (quivered)
 j - 6 boomerangs of dispersal
 z - 5 poisoned darts
 E - 3 boomerangs
Armour
 c - a +0 helmet
 g - a +1 ring mail of willpower (worn)
 m - a +0 pair of gloves
 r - a +1 hat
 v - the cursed +0 helmet "Chained Together" (worn) {Alch, Elem}
   (You found it on level 3 of the Dungeon)

   It has a curse which improves the following skills: Alchemy: Poison Magic and
   Transmutations.
   Elements:  Fire Magic, Ice Magic, Air Magic and Earth Magic.
 A - a +0 cloak (worn)
 I - a +1 pair of gloves of strength (worn)
 M - a +0 buckler (worn)
 N - a +0 plate armour
Magical Staves
 h - a staff of earth
Jewellery
 p - a +6 ring of dexterity (left hand)
 t - an amulet of reflection (around neck)
 x - a ring of wizardry
 P - a ring of willpower (right hand)
Wands
 k - a wand of mindburst (23)
 D - a wand of polymorph (7)
 L - a wand of iceblast (10)
Scrolls
 o - 2 scrolls of immolation
 q - 3 scrolls of amnesia
 s - 3 scrolls of teleportation
 y - 4 scrolls of vulnerability {unknown}
 C - a scroll of acquirement {unknown}
 G - a scroll of enchant weapon {unknown}
 H - a scroll of enchant armour {unknown}
 J - a scroll of summoning {unknown}
 K - a scroll of fog {unknown}
Potions
 l - a potion of resistance
 n - a potion of magic
 u - a potion of curing
 w - a potion of might
 B - a potion of mutation
 F - 3 potions of enlightenment
 O - a potion of degeneration {unknown}


   Skills:
 * Level 10.0 Fighting
 + Level 7.0 Long Blades
 - Level 2.0 Throwing
 - Level 4.0 Armour
 - Level 4.0 Dodging
 - Level 1.0 Stealth
 + Level 0.1 Shields
 - Level 1.0 Spellcasting
 - Level 1.0 Evocations


You had 10 spell levels left.
You didn't know any spells.
Your spell library contained the following spells:

 Spells                   Type           Power      Damage    Failure   Level
 Magic Dart               Conj           0%         1d3       52%         1
 Necrotise                Necr           0%         1d4       52%         1
 Call Imp                 Summ           0%         N/A       67%         2
 Hailstorm                Conj/Ice       0%         3d3       88%         3
 Mephitic Cloud           Conj/Pois/Air  0%         N/A       88%         3
 Vampiric Draining        Necr           0%         2d6       88%         3
 Animate Armour           Summ/Erth      0%         N/A       99%         4
 Ice Form                 Ice/Tmut       0%         N/A       99%         4
 Summon Lightning Spire   Summ/Air       0%         N/A       99%         4
 Agony                    Necr           0%         N/A       100%        5
 Blade Hands              Tmut           0%         N/A       100%        5
 Simulacrum               Ice/Necr       0%         N/A       100%        6


Dungeon Overview and Level Annotations

Branches:
Dungeon (7/15)             Temple (1/1) D:4

Altars:
Ashenzari
Cheibriados
Dithmenos
Fedhas
Gozag
Hepliaklqana
Kikubaaqudgha
Makhleb
Nemelex Xobeh
Qazlal
Ru
Sif Muna
Trog
Uskayaw
Vehumet
Wu Jian
Xom
Yredelemnul


Innate Abilities, Weirdness & Mutations

A powerful demonic guardian rushes to your aid.
You may rarely emit foul miasma when damaged in melee.
You have a tail ending in a sharp stinger.
Your natural rate of healing is unusually fast.


Message History

You barely miss the electric eel.
The electric eel shoots out a bolt of lightning at you!
The bolt of electricity hits the plant!
The bolt of electricity hits you!
Unknown command.
You hit the electric eel. You tail-slap the electric eel!
The electric eel is severely wounded.
A nearby plant withers and dies.
The electric eel shoots out a bolt of lightning at you!
The bolt of electricity hits you!
The electric eel shoots out a bolt of lightning at you!
The bolt of electricity hits the plant!
The bolt of electricity hits you.
You hit the electric eel.
You kill the electric eel!
A nearby plant withers and dies.
The electric eel shoots out a bolt of lightning at you!
The bolt of electricity misses you. The bolt of electricity hits you!
The electric eel shoots out a bolt of lightning at you!
The bolt of electricity misses you.
Your Fighting skill increases to level 10!
The electric eel shoots out a bolt of lightning at you!
The bolt of electricity hits you!
* * * LOW HITPOINT WARNING * * *
The bolt of electricity hits you!
* * * LOW HITPOINT WARNING * * *
A demonic guardian appears!
Unknown command.
Okay, then.
You are confused.
You feel invigorated.
The electric eel shoots out a bolt of lightning at you!
The bolt of electricity misses you. x2
The electric eel shoots out a bolt of lightning at you!
The bolt of electricity hits you.
* * * LOW HITPOINT WARNING * * *
The bolt of electricity hits you!
* * * LOW HITPOINT WARNING * * *
Your soul eater hits the electric eel!
The electric eel shoots out a bolt of lightning at you!
The bolt of electricity hits you!
You die...

....##.##~## ....≈##.#.#
....##.##~# .PP)≈≈#.#.##
....##.##~# ...)=S#.#..#
....##.##.#+ .P~.≈≈#.##.##
######.##).# ..~~≈##~##..#
# #.###~##########~##.# ##
#.# #~~##..~$~≈##~#.# .#
#.# ##~#...3S.≈≈#~#.# .###
#.# #~#...@P.$≈#.#.#
...###.# #3#'..PS$≈≈#.#.#
.......####..#...)~≈##'#.#
..####....##.########....#
..'......(.###########.#.#
..####.....÷.#....># #...#
...# #....##...#...# ###.#
...# #....######.#.# ##..#
...#############...###..##


You could see 2 electric eels and a friendly soul eater (summoned).

Vanquished Creatures
  2 water moccasins
  An orc warrior (D:7)
  2 sky beasts
  4 ogres
  2 phantoms (D:6)
  A scorpion (D:5)
  3 bullfrogs (D:6)
  7 killer bees
  An electric eel (D:7)
  A howler monkey (D:6)
  2 hounds (D:5)
  An orc priest (D:4)
  A gnoll bouda (D:4)
  3 jellies
  A sleepcap (D:6)
  5 iguanas
  4 orc wizards
  4 gnolls (D:4)
  7 adders
  An ufetubus (D:4)
  A worm (D:2)
  12 orcs
  5 bats
  2 endoplasms
  3 giant cockroaches
  4 hobgoblins
  4 jackals (D:2)
  9 kobolds
  3 quokkas
  6 ball pythons
  4 frilled lizards
  7 goblins
  5 rats
118 creatures vanquished.

Vanquished Creatures (collateral kills)
  A two-headed ogre (D:7)
  An ogre (D:5)
  3 hounds
  An orc priest (D:7)
  2 iguanas
  4 gnolls
  An adder (D:5)
  A white imp (D:7)
  A dart slug (D:5)
  5 orcs
20 creatures vanquished.

Grand Total: 138 creatures vanquished

Notes
Turn   | Place    | Note
-------+----------+-------------------------------------------
     0 | D:1      | IdlyInterested the Demonspawn Gladiator began the quest for
                  | the Orb.
     0 | D:1      | Reached XP level 1. HP: 16/16 MP: 1/1
   122 | D:1      | Gained mutation: You have a small tail. [demonic ancestry]
   122 | D:1      | Reached XP level 2. HP: 17/23 MP: 2/2
  1417 | D:2      | Gained mutation: A weak demonic guardian rushes to your
                  | aid. [demonic ancestry]
  1417 | D:2      | Reached XP level 3. HP: 28/28 MP: 3/3
  1481 | D:2      | Reached skill level 3 in Fighting
  2324 | D:3      | Found a faded altar of an unknown god.
  2493 | D:3      | Gained mutation: A demonic guardian rushes to your aid.
                  | [demonic ancestry]
  2493 | D:3      | Reached XP level 4. HP: 35/35 MP: 4/4
  3376 | D:4      | Reached skill level 1 in Armour
  3377 | D:4      | Reached XP level 5. HP: 24/42 MP: 5/5
  3382 | D:4      | Reached skill level 4 in Fighting
  3423 | D:4      | Noticed an ogre
  3436 | D:4      | Killed an ogre
  3437 | D:4      | Reached skill level 1 in Stealth
  3531 | D:4      | Found a staircase to the Ecumenical Temple.
  3545 | Temple   | Entered the Ecumenical Temple
  3835 | D:4      | Gained mutation: You have a tail ending in a sharp stinger.
                  | [demonic ancestry]
  3835 | D:4      | Reached XP level 6. HP: 29/50 MP: 6/6
  3838 | D:4      | Reached skill level 5 in Fighting
  4026 | D:4      | Reached skill level 1 in Evocations
  4415 | D:5      | Entered Level 5 of the Dungeon
  4488 | D:5      | Reached skill level 1 in Spellcasting
  4584 | D:5      | Found an opulent altar of Gozag.
  4614 | D:5      | Gained mutation: You may rarely emit foul miasma when
                  | damaged in melee. [demonic ancestry]
  4614 | D:5      | Reached XP level 7. HP: 39/57 MP: 8/8
  4723 | D:5      | Reached skill level 6 in Fighting
  5309 | D:6      | Reached skill level 7 in Fighting
  5309 | D:6      | Reached skill level 5 in Long Blades
  5309 | D:6      | Gained mutation: A powerful demonic guardian rushes to your
                  | aid. [demonic ancestry]
  5309 | D:6      | Reached XP level 8. HP: 38/67 MP: 9/9
  5633 | D:6      | Gained mutation: Your natural rate of healing is unusually
                  | fast. [potion of mutation]
  5726 | D:6      | Found an ancient bone altar of Kikubaaqudgha.
  5765 | D:6      | Found an ornate altar of the Wu Jian Council.
  5765 | D:6      | Found a sacrificial altar of Ru.
  5831 | D:6      | Found a shadowy altar of Dithmenos.
  5921 | D:6      | Found a broken altar of Ashenzari.
  5929 | D:6      | Became a worshipper of Ashenzari the Shackled
  5954 | D:6      | Reached skill level 8 in Fighting
  6127 | D:6      | Found a basalt altar of Yredelemnul.
  6502 | D:7      | Reached XP level 9. HP: 69/75 MP: 10/10
  6552 | D:7      | Reached skill level 9 in Fighting
  7184 | D:7      | Noticed a two-headed ogre
  7194 | D:7      | Killed a two-headed ogre
  7217 | D:7      | Reached skill level 10 in Fighting
  7218 | D:7      | HP: 2/78 [electric eel/bolt of electricity (10)]
  7219 | D:7      | Killed from afar by an electric eel

Illustrated notes

Levels and vault maps discovered:
D:1:      wander_arrival_chamber, layout_basic, roderic_nine_men_s_morris,
          chequers_serial_rivers_micro_e
D:2:      layout_loops_ring
D:3:      layout_basic, hellmonk_ecumenical_altar_zigzags
D:4:      layout_cave_pools, minmay_temple_entry_ruins
D:5:      layout_cave_pools, nicolae_gozag_cash_rules_everything_around_me,
          serial_bayou_crossing
D:6:      layout_cave_pools, mainiacjoe_overflow_24_doors, minitemple,
          nicolae_overflow_crystal_walls, mainiacjoe_overflow_cross_hatched,
          hangedman_glass_teeth, minmay_joined_circles
D:7:      cheibrodos_two_vegetables, layout_basic
Temple:   eino_temple_water

Skill      XL: |  1  2  3  4  5  6  7  8  9 |
---------------+----------------------------+-----
Dodging        | 3 4 |  4.0
Long Blades    | 3 4 5 6 7 |  7.0
Fighting       | 3 4 5 7 8 10 | 10.0
Throwing       | 2 |  2.0
Armour         | 1 2 3 4 |  4.0
Stealth        | 1 |  1.0
Evocations     | 1 |  1.0
Spellcasting   | 1 |  1.0
Shields        | |  0.1

Action                     |  1- 3 |  4- 6 |  7- 9 || total
---------------------------+-------+-------+-------++-------
  Melee: Long sword        |   153 |    75 |   235 ||   463
         Tailslap          |     9 |     9 |    37 ||    55
         Punch             |     2 |     1 |     2 ||     5
  Throw: Stone             |       |    14 |    21 ||    35
         Javelin           |       |     3 |       ||     3
         Dart              |       |       |     4 ||     4
 Invoke: Curse Item        |       |       |     1 ||     1
    Use: Scroll            |     5 |     3 |     4 ||    12
         Potion            |       |       |     3 ||     3
 Armour: Leather armour    |     5 |       |       ||     5
         Ring mail         |    65 |    28 |   115 ||   208
  Dodge: Dodged            |   110 |    70 |   165 ||   345
  Block: Other             |       |    23 |    57 ||    80
         Buckler           |       |       |     7 ||     7

Table legend: (Time is in decaauts)
 A = Elapsed time spent in this place.
 B = Non-inter-level travel time spent in this place.
 C = Inter-level travel time spent in this place.
 D = Time resting spent in this place.
 E = Time spent auto-exploring this place.
 F = Levels seen in this place.
 G = Mean time per level.
                   A        B        C        D        E       F      G
               +--------+--------+--------+--------+--------+-----+--------+
         Total |   7329 |   6446 |    883 |    911 |   3682 |   8 |  916.1 |
       Dungeon |   7121 |   6252 |    869 |    911 |   3511 |   7 | 1017.3 |
        Temple |    207 |    193 |     14 |      0 |    171 |   1 |  207.0 |
               +--------+--------+--------+--------+--------+-----+--------+

Top non-repeatable levels by time:
     D:6: 1265 daAuts
     D:1: 1253 daAuts
     D:3: 1184 daAuts
     D:2: 959 daAuts
     D:4: 900 daAuts
     D:7: 822 daAuts
     D:5: 734 daAuts
  Temple: 207 daAuts
